 Dungeon Crawl Stone Soup version 0.21-a0-472-g223bcb9 (webtiles) character file.

40536 slep the Bludgeoner (level 13, 0/117 HPs)
             Began as a Minotaur Monk on Nov 22, 2017.
             Was the Champion of Okawaru.
             Killed from afar by an orc sorcerer (10 damage)
             ... with a bolt of fire
             ... on level 2 of the Orcish Mines.
             The game lasted 01:50:50 (13951 turns).

slep the Bludgeoner (Minotaur Monk)                Turns: 13951, Time: 01:50:53

Health: 0/117      AC: 12    Str: 21    XL:     13   Next: 75%
Magic:  12/12      EV: 17    Int:  9    God:    Okawaru [******]
Gold:   1810       SH: 14    Dex: 19    Spells: 10/12 levels left

rFire    + . .     SeeInvis +   b - +11 eveningstar "Awkustryose" {elec, rPois SInv}
rCold    . . .     Gourm    .   s - +0 shield
rNeg     . . .     Faith    .   K - +0 leather armour {rF+}
rPois    +         Spirit   .   (helmet restricted)
rElec    +         Reflect  +   J - +0 cloak
rCorr    +         Harm     .   U - +3 pair of gloves of Good Intentions {-Tele rElec rCorr SInv}
MR       +....     Clarity  +   X - +2 pair of boots Stlth ++++......NoTele +
                                z - +2 amulet of reflection
HPRegen  0.69/turn              W - ring of resist corrosion
MPRegen  0.13/turn              (no ring)

@: lethally poisoned (0 -> -5), hasted, drained, very quick
A: retaliatory headbutt, horns 2, agile 1, clarity, clever 1, magic resistance
1, regeneration 1, strong 2, subdued magic 1
a: Heroism, Finesse, Renounce Religion


You were on level 2 of the Orcish Mines.
You worshipped Okawaru.
Okawaru was exalted by your worship.
You were not hungry.

You visited 6 branches of the dungeon, and saw 20 of its levels.

You collected 1810 gold pieces.

Inventory:

Hand Weapons
 b - the +11 eveningstar "Awkustryose" (weapon) {elec, rPois SInv}
   (Okawaru gifted it to you on level 9 of the Dungeon)

   Occasionally, upon striking a foe, it will discharge some electrical energy
   and cause terrible harm.
   It protects you from poison.
   It lets you see invisible.
 G - a +2 hand crossbow of freezing
 L - the +9 mace of Ycelut {flame, rF- Str+3 Int+2 Dex+9}
   (You found it on level 4 of the Dungeon)

   It has been specially enchanted to burn those struck by it, causing extra
   injury to most foes and up to half again as much damage against particularly
   susceptible opponents.
   It affects your strength (+3).
   It affects your intelligence (+2).
   It affects your dexterity (+9).
   It makes you vulnerable to fire.
Missiles
 l - 5 javelins of returning (quivered)
 t - 7 needles of confusion
 O - 3 needles of sleeping
 P - 9 tomahawks
 V - 55 poisoned needles
 Y - 11 javelins of penetration
Armour
 s - a +0 shield (worn)
 u - a +0 troll leather armour
 C - a +0 plate armour of poison resistance
 J - a +0 cloak (worn)
 K - a +0 leather armour of fire resistance (worn)
 T - a +2 pair of gloves of archery
 U - the +3 pair of gloves of Good Intentions (worn) {-Tele rElec rCorr SInv}
   (Okawaru gifted it to you on level 10 of the Dungeon)

   It insulates you from electricity.
   It lets you see invisible.
   It prevents most forms of teleportation.
   It protects you from acid and corrosion.
 X - a +2 pair of boots (worn)
Jewellery
 y - a +4 ring of evasion
 z - a +2 amulet of reflection (around neck)
 W - a ring of resist corrosion (left hand)
Wands
 n - a wand of digging (19)
 N - a wand of clouds (7)
 Q - a wand of iceblast (9)
 R - a wand of polymorph (40)
 Z - a wand of acid (8)
Scrolls
 a - a scroll of enchant armour
 f - a scroll of identify
 h - 8 scrolls of fog
 j - a scroll of fear
 k - 2 scrolls of blinking
 r - 7 scrolls of remove curse
 v - 7 scrolls of teleportation
Potions
 d - 2 potions of ambrosia
 e - 2 potions of flight
 g - 3 potions of agility
 i - 3 potions of curing
 m - 3 potions of heal wounds
 q - 2 potions of haste
 w - 4 potions of brilliance
 B - 2 potions of berserk rage
 D - a potion of magic
 E - a potion of resistance
 F - 3 potions of cancellation
 M - 2 potions of mutation {unknown}
 S - 3 potions of lignification {unknown}
Miscellaneous
 p - a phial of floods
Comestibles
 c - 12 bread rations
 o - 6 chunks of flesh
 x - 7 royal jellies
 H - 8 meat rations
 I - 22 fruits


   Skills:
 + Level 11.9(11.1) Fighting
   Level 6.1(5.4) Long Blades
 + Level 16.1(15.2) Maces & Flails
 + Level 4.6(3.9) Throwing
 + Level 6.2(5.5) Armour
 + Level 9.3(8.5) Dodging
 + Level 8.9(8.1) Stealth
 + Level 10.1(9.3) Shields


You had 10 spell levels left.
You knew the following spells:

 Your Spells              Type           Power        Failure   Level  Hunger
a - Blink                 Tloc           N/A          80%         2    ###....


Dungeon Overview and Level Annotations

Branches:
Dungeon (10/15)            Temple (1/1) D:5            Lair (5/6) D:10
  Swamp (1/4) Lair:4        Snake (1/4) Lair:3          Orc (2/2) D:10
    Elf (0/3) Orc:2
  Slime: Lair:5-6

Altars:
Cheibriados
Fedhas
Gozag
Hepliaklqana
Kikubaaqudgha
Makhleb
Okawaru
Qazlal
Sif Muna
Trog
Wu Jian
Yredelemnul
The Shining One
Beogh

Shops:
D:6 [   D:7 =   D:8 }   Orc:2 *

Annotations:
Orc:2 Blork the orc


Innate Abilities, Weirdness & Mutations

You reflexively headbutt those who attack you in melee.
You have a pair of horns on your head.
You are agile. (Dex +2)
You possess an exceptional clarity of mind.
Your mind is acute. (Int +2)
You are resistant to hostile enchantments. (MR+)
Your natural rate of healing is unusually fast.
Your muscles are very strong. (Str +4)
Your spells are a little easier to cast, but a little less powerful.


Message History

You feel sick. The orange demon stings you.
* * * LOW HITPOINT WARNING * * *
You block the orange demon's attack.
You feel sick.
The orc priest no longer looks unusually strong.
The orc sorcerer mumbles some strange words.
The orc priest miscasts a cantrip.
Take off which item? (? for menu, Esc to quit)
You feel sick. You block the orange demon's attack.
Keep disrobing?
You start removing your armour.
You continue taking off the +3 pair of gloves of Good Intentions {-Tele rElec rCorr SInv}.
You feel sick. The orange demon stings you from afar.
* * * LOW HITPOINT WARNING * * *
You continue taking off the +3 pair of gloves of Good Intentions {-Tele rElec rCorr SInv}.
The orc sorcerer becomes larger for a moment.
The orc sorcerer gestures at you while chanting.
The bolt of fire hits the rust devil.
The rust devil completely resists.
The bolt of fire hits you! You resist.
You die...

### . ##.####
.#..#...#.## ## #
#.......)..##o#.##..
.........@44o3oo.....
......####.o#oo.o.#.
#. ..#... ####8o..8#
#. .....O #.....# #.
..... #.ooo.# ##.
..... #..o..# ##.#


.Ooo.oo. #... ........#####. ..........8... You could see an orc knight, an orc
high priest, a sun demon, an orange demon, a rust devil, an orc sorcerer, an orc
warrior, an orc priest, 2 orc wizards and an orc.

Vanquished Creatures
  An orc warlord (Orc:1)
  An ogre mage (Orc:1)
  Erolcha (D:9)
  Harold (D:10)
  6 hydras
  The ghost of COBRA the Fighter, a novice HOFi (D:9)
  3 death yaks
  9 two-headed ogres
  Pikel (D:5)
  2 orc knights
  An oklob plant (Lair:4)
  An orc sorcerer (Orc:1)
  A guardian serpent (Snake:1)
  3 elephants (Lair:4)
  2 black mambas
  A naga mage (Snake:1)
  Joseph (D:9)
  2 gargoyles (D:10)
  4 spiny frogs
  A torpor snail (Lair:5)
  A rime drake (Lair:4)
  7 komodo dragons
  A tyrant leech (Lair:4)
  4 trolls
  Prince Ribbit (D:5)
  5 blink frogs (Lair:4)
  7 hippogriffs
  Sigmund (D:2)
  A shadow (Swamp:1)
  2 wyverns
  5 yaks (Lair:1)
  A vampire (D:10)
  Eustachio (D:4)
  A spriggan (D:9)
  2 basilisks (Lair:4)
  3 hungry ghosts
  7 nagas
  7 water moccasins
  5 porcupines
  Duvessa (D:6)
  5 sky beasts
  2 black bears
  17 orc warriors
  An eye of draining (D:7)
  5 ice beasts
  8 wolves
  A slave (D:5)
  23 ogres
  2 crocodiles
  11 bullfrogs
  A wyvern zombie (D:9)
  Dowan (D:6)
  7 wights
  5 electric eels
  3 crimson imps
  A bullfrog zombie (D:6)
  6 hounds
  A quasit (D:8)
  A bullfrog skeleton (D:5)
  2 jellies
  9 orc priests
  13 orc wizards
  Crazy Yiuf (D:4)
  Jessica (D:3)
  5 iguanas
  3 worker ants
  A hound skeleton (D:5)
  A worker ant zombie (D:8)
  Robin (D:4)
  8 gnolls
  14 adders
  2 shadow imps
  An ooze (D:3)
  2 adder skeletons
  2 worms
  3 dart slugs
  5 leopard geckos
  59 orcs
  3 giant cockroaches
  17 goblins
  14 hobgoblins
  10 jackals
  6 kobolds
  12 quokkas
  A ball python (D:1)
  9 bats
  4 frilled lizards
  A jackal skeleton (D:8)
  A leopard gecko zombie (D:7)
  5 rats
  A fungus (D:4)
  3 plants (D:2)
427 creatures vanquished.

Vanquished Creatures (others)
  A crimson imp (D:5)
  An orc wizard (D:10)
  A quokka (D:5)
  2 fungi (Lair:4)
5 creatures vanquished.

Grand Total: 432 creatures vanquished

Notes
Turn   | Place    | Note
-------+----------+-------------------------------------------
     0 | D:1      | slep the Minotaur Monk began the quest for the Orb.
     0 | D:1      | Reached XP level 1. HP: 19/19 MP: 0/0
    49 | D:1      | Reached XP level 2. HP: 19/27 MP: 1/1
   221 | D:2      | Reached XP level 3. HP: 24/33 MP: 2/2
   415 | D:4      | Reached XP level 4. HP: 34/40 MP: 3/3
   589 | D:4      | Noticed Eustachio
   592 | D:4      | Noticed Robin
   635 | D:5      | Entered Level 5 of the Dungeon
   646 | D:5      | Got a shimmering whip
   647 | D:5      | Identified the +10 whip of the Harvest {antimagic, *Drain +Fly MP+9 Int+3} (You found it on level 5 of the Dungeon)
   756 | D:5      | Noticed a sky beast
   799 | D:5      | Noticed Prince Ribbit
   802 | D:5      | Found a glowing golden altar of the Shining One.
   813 | D:5      | Killed Prince Ribbit
   813 | D:5      | Reached skill level 5 in Long Blades
   813 | D:5      | Reached skill level 1 in Maces & Flails
   813 | D:5      | Reached XP level 5. HP: 19/47 MP: 4/4
   813 | D:5      | Reached XP level 6. HP: 21/53 MP: 4/5
   925 | D:5      | Noticed a sky beast
   935 | D:5      | Killed a sky beast
   957 | D:3      | Noticed Jessica
   971 | D:3      | Killed Jessica
   977 | D:3      | Found a stormy altar of Qazlal.
  1010 | D:3      | Found a hazy altar of Hepliaklqana.
  1081 | D:3      | Reached skill level 2 in Maces & Flails
  1081 | D:3      | Reached skill level 1 in Armour
  1085 | D:3      | Reached XP level 7. HP: 23/60 MP: 5/6
  1513 | D:3      | Reached skill level 5 in Fighting
  1736 | D:2      | Reached skill level 1 in Shields
  1771 | D:2      | Found an ornate altar of the Wu Jian Council.
  1794 | D:2      | Reached skill level 3 in Maces & Flails
  2189 | D:2      | Noticed Sigmund
  2204 | D:2      | Killed Sigmund
  2783 | D:4      | Killed Robin
  2797 | D:4      | Found a bloodstained altar of Trog.
  2821 | D:4      | Killed Eustachio
  2821 | D:4      | Reached skill level 4 in Maces & Flails
  2821 | D:4      | Reached XP level 8. HP: 64/68 MP: 5/7
  3076 | D:4      | Found a runed door.
  3080 | D:4      | Noticed Crazy Yiuf
  3090 | D:4      | Killed Crazy Yiuf
  3171 | D:4      | Got a jewelled mace
  3222 | D:5      | Reached skill level 5 in Dodging
  3340 | D:5      | Found a staircase to the Ecumenical Temple.
  3349 | Temple   | Entered the Ecumenical Temple
  3370 | Temple   | Became a worshipper of Warmaster Okawaru
  3370 | Temple   | Reached * piety under Okawaru
  3370 | Temple   | Reached ** piety under Okawaru
  3439 | D:5      | Reached skill level 5 in Maces & Flails
  3439 | D:5      | Reached skill level 5 in Stealth
  3442 | D:5      | Noticed Pikel
  3462 | D:5      | Killed Pikel
  3462 | D:5      | Reached skill level 6 in Maces & Flails
  3682 | D:6      | Reached skill level 7 in Maces & Flails
  3718 | D:6      | Found Lups's Armour Shop.
  3724 | D:6      | Reached XP level 9. HP: 57/75 MP: 5/8
  3876 | D:6      | Noticed Duvessa
  3877 | D:6      | Noticed Dowan
  3891 | D:6      | Killed Duvessa
  3891 | D:6      | Reached *** piety under Okawaru
  3903 | D:6      | Killed Dowan
  4504 | D:7      | Reached skill level 8 in Maces & Flails
  4722 | D:7      | Identified the +9 mace of Ycelut {flame, rF- Str+3 Int+2 Dex+9} (You found it on level 4 of the Dungeon)
  4989 | D:7      | Found Uwkutal's Jewellery Shop.
  5269 | D:8      | Received a gift from Okawaru
  5351 | D:8      | Noticed a two-headed ogre
  5361 | D:8      | Killed a two-headed ogre
  5361 | D:8      | Reached skill level 9 in Maces & Flails
  5361 | D:8      | Reached skill level 5 in Shields
  5558 | D:8      | Reached **** piety under Okawaru
  5558 | D:8      | Reached XP level 10. HP: 78/84 MP: 9/9
  5767 | D:8      | Found Qobiob's Gadget Emporium.
  5923 | D:9      | Noticed COBRA's ghost (novice HOFi)
  5949 | D:9      | Killed COBRA's ghost
  5949 | D:9      | Reached ***** piety under Okawaru
  5949 | D:9      | Reached skill level 10 in Maces & Flails
  6267 | D:9      | Noticed Erolcha
  6280 | D:9      | Killed Erolcha
  6433 | D:9      | Received a gift from Okawaru
  6434 | D:9      | Got an encrusted eveningstar {god gift}
  6440 | D:9      | Reached skill level 1 in Throwing
  6444 | D:9      | Identified the +11 eveningstar "Awkustryose" {elec, rPois SInv} (Okawaru gifted it to you on level 9 of the Dungeon)
  6488 | D:9      | Noticed Joseph
  6501 | D:9      | Killed Joseph
  6555 | D:9      | Noticed a two-headed ogre
  6562 | D:9      | Killed a two-headed ogre
  6562 | D:9      | Reached skill level 11 in Maces & Flails
  6626 | D:9      | Reached XP level 11. HP: 94/94 MP: 10/10
  6656 | D:9      | Noticed a two-headed ogre
  6664 | D:9      | Killed a two-headed ogre
  6870 | D:10     | Entered Level 10 of the Dungeon
  6884 | D:10     | Gained mutation: Your mind is acute. (Int +2) [mutagenic meat]
  6885 | D:10     | Gained mutation: Your mind is very acute. (Int +4) [mutagenic meat]
  6886 | D:10     | Gained mutation: You are resistant to hostile enchantments. (MR+) [mutagenic meat]
  6887 | D:10     | Lost mutation: Your mind is very acute. (Int +4) [mutagenic meat]
  6888 | D:10     | Gained mutation: Your natural rate of healing is unusually fast. [mutagenic meat]
  6936 | D:10     | Noticed a death yak
  6938 | D:10     | Noticed a death yak
  6946 | D:10     | Noticed a death yak
  6956 | D:10     | Killed a death yak
  6956 | D:10     | Reached skill level 5 in Armour
  6988 | D:9      | Killed a death yak
  7062 | D:10     | Killed a death yak
  7062 | D:10     | Reached ****** piety under Okawaru
  7100 | D:10     | Found a staircase to the Lair.
  7127 | D:10     | Received a gift from Okawaru
  7127 | D:10     | Reached skill level 12 in Maces & Flails
  7130 | D:10     | Got a pair of spiked gloves {god gift}
  7149 | D:10     | Identified the +3 pair of gloves of Good Intentions {-Tele rElec rCorr SInv} (Okawaru gifted it to you on level 10 of the Dungeon)
  7280 | D:10     | Noticed Harold
  7334 | D:10     | Killed Harold
  7351 | D:10     | Gained mutation: You are agile. (Dex +2) [mutagenic meat]
  7353 | D:10     | Gained mutation: Your spells are a little easier to cast, but a little less powerful. [mutagenic meat]
  7354 | D:10     | Gained mutation: You possess an exceptional clarity of mind. [mutagenic meat]
  7355 | D:10     | Gained mutation: Your muscles are strong. (Str +2) [mutagenic meat]
  7356 | D:10     | Gained mutation: Your muscles are very strong. (Str +4) [mutagenic meat]
  7689 | D:10     | Found a staircase to the Orcish Mines.
  8088 | Lair:1   | Entered Level 1 of the Lair of Beasts
  8254 | Lair:1   | Reached skill level 13 in Maces & Flails
  8794 | Lair:2   | Reached XP level 12. HP: 105/105 MP: 11/11
  9658 | Lair:3   | Found a staircase to the Snake Pit.
  9801 | Lair:3   | Noticed a six-headed hydra
  9844 | Lair:3   | Killed a six-headed hydra
  9846 | Lair:3   | Reached skill level 10 in Fighting
  9970 | Lair:3   | Noticed a five-headed hydra
  9978 | Lair:3   | Killed a five-headed hydra
 10361 | Snake:1  | Entered Level 1 of the Snake Pit
 10375 | Snake:1  | Reached skill level 14 in Maces & Flails
 10380 | Snake:1  | Received a gift from Okawaru
 10723 | Lair:4   | Noticed a six-headed hydra
 10734 | Lair:4   | Killed a six-headed hydra
 10750 | Lair:4   | Noticed a seven-headed hydra
 10759 | Lair:4   | Killed a seven-headed hydra
 11002 | Lair:4   | Received a gift from Okawaru
 11306 | Lair:4   | Found a staircase to the Swamp.
 11314 | Lair:4   | Reached XP level 13. HP: 115/115 MP: 12/12
 11320 | Swamp:1  | Entered Level 1 of the Swamp
 11553 | Lair:5   | Found a runed door.
 11567 | Lair:5   | Received a gift from Okawaru
 11567 | Lair:5   | Reached skill level 15 in Maces & Flails
 12073 | Lair:5   | Learned a level 2 spell: Blink
 12410 | Lair:4   | Received a gift from Okawaru
 13003 | Orc:1    | Entered Level 1 of the Orcish Mines
 13092 | Orc:2    | Entered Level 2 of the Orcish Mines
 13092 | Orc:2    | Found a staircase to the Elven Halls.
 13122 | Orc:2    | Found Rabiyz's Retail Resort.
 13206 | Orc:2    | Noticed Blork the orc
 13231 | Orc:1    | Noticed an orc warlord
 13290 | Orc:1    | Killed an orc warlord
 13403 | Orc:1    | Found a roughly hewn altar of Beogh.
 13426 | Orc:1    | Found an iron altar of Okawaru.
 13778 | Orc:1    | Reached skill level 10 in Shields
 13842 | Orc:1    | Reached skill level 16 in Maces & Flails
 13909 | Orc:2    | Received a gift from Okawaru
 13940 | Orc:2    | Noticed an orc warlord
 13940 | Orc:2    | Noticed an orc warlord
 13944 | Orc:2    | HP: 2/117 [orange demon[an orc sorcerer] (4)]
 13951 | Orc:2    | Killed from afar by an orc sorcerer

Vault maps used:
D:1:      scummos_arrival_hexagon, interstate_on_off, minmay_pentomino_s4
D:2:      wad_woods_stonehenge, first_bread, uniq_sigmund
D:3:      lemuel_crystal_altar, overflow_temple_1_default, uniq_jessica
D:4:      lemuel_doored_altar, uniq_crazy_yiuf_cottage, uniq_robin,
          uniq_eustachio
D:5:      lemuel_coloured_pillars_altar, minmay_temple_entry_statues_pillars,
          uniq_pikel, uniq_prince_ribbit1
D:6:      serial_shops, shop_statue, roderic_lattice_a,
          hangedman_abyss_or_decor_slice, uniq_duvessa
D:7:      serial_shops, shop
D:8:      serial_shops, shop
D:9:      the_bakery, uniq_erolcha, uniq_joseph
D:10:     dpeg_lair_monsters, erik_orc_2, uniq_harold
Temple:   compressed_dpeg_circular_temple
Lair:2:   grunt_megastairs_2
Lair:3:   guppyfry_snake_entry_island, infiniplex_staircase_pool_2,
          grunt_megastairs_1, lemuel_fruit_tree
Lair:4:   minmay_swamp_entry_worms, serial_bayou_shore_a
Lair:5:   pf_torpor_hydra
Swamp:1:  evilmike_swamp_ruin_house_5
Snake:1:  grunt_ministairs_2, uniq_rupert
Orc:1:    lemuel_ogre_cave, basic_altar, okawaru_metal_pillars_1_2
Orc:2:    grunt_orc_cross, nicolae_alphabet_shops

Skill      XL: |  1  2  3  4  5  6  7  8  9 10 11 12 13 |
---------------+----------------------------------------+-----
Long Blades    | 4 5 6 |  6.1
Fighting       | 4 5 6 8 9 10 11 | 11.9
Stealth        | 3 4 5 6 7 8 |  8.9
Dodging        | 4 5 6 7 8 9 |  9.3
Maces & Flails | 1 2 4 7 9 11 13 14 16 | 16.1
Armour         | 1 2 3 4 5 6 |  6.2
Shields        | 2 3 5 6 7 9 10 | 10.1
Throwing       | 1 2 3 4 |  4.6

Action                   |  1- 3 |  4- 6 |  7- 9 | 10-12 | 13-15 || total
-------------------------+-------+-------+-------+-------+-------++-------
Melee: Falchion          |    44 |     4 |       |       |       ||    48
       Headbutt          |     9 |    10 |    76 |    92 |    39 ||   226
       Whip              |       |    51 |   296 |       |       ||   347
       Mace              |       |       |    69 |    78 |       ||   147
       Eveningstar       |       |       |       |   333 |   177 ||   510
Throw: Javelin           |       |       |     1 |    15 |    33 ||    49
       Tomahawk          |       |       |       |     7 |       ||     7
       Throwing net      |       |       |       |     3 |       ||     3
  Use: Scroll            |       |       |     5 |    14 |     4 ||    23
       Potion            |       |       |       |     1 |     7 ||     8
 Stab: Sleeping          |     4 |     3 |    20 |    19 |     5 ||    51
       Distracted        |       |     2 |     2 |     1 |     1 ||     6
  Eat: Chunk             |       |       |    15 |    31 |     8 ||    54
Armor: Robe              |     2 |     4 |    21 |       |       ||    27
       Leather armour    |       |     7 |    29 |    56 |     8 ||   100
Dodge: Dodged            |    22 |    35 |   102 |   162 |    65 ||   386
Block: Shield            |       |     6 |   113 |   165 |    90 ||   374
       Reflection        |       |       |       |     4 |       ||     4
       Rpst.: Falchion   |     5 |     1 |       |       |       ||     6

Table legend:
 A = Spawn XP
 B = Non-spawn XP
 C = Spawn XP percentage of total XP
 D = Spawn monster count
 E = Non-spawn monster count
 F = Spawn count percentage of total count
 G = Total turns spent on level
                    A         B        C        D         E        F      G
               +---------+---------+-------+---------+---------+-------+---------
         Total |       0 |   57909 |   0.0 |       0 |     422 |   0.0 | 13951
               +---------+---------+-------+---------+---------+-------+---------
           D:1 |       0 |      53 |   0.0 |       0 |      22 |   0.0 |   416
           D:2 |       0 |     436 |   0.0 |       0 |      30 |   0.0 |   897
           D:3 |       0 |     292 |   0.0 |       0 |      25 |   0.0 |   782
           D:4 |       0 |     327 |   0.0 |       0 |      23 |   0.0 |   871
           D:5 |       0 |    1546 |   0.0 |       0 |      17 |   0.0 |   745
           D:6 |       0 |     737 |   0.0 |       0 |      17 |   0.0 |   812
           D:7 |       0 |     627 |   0.0 |       0 |      25 |   0.0 |   930
           D:8 |       0 |    2541 |   0.0 |       0 |      32 |   0.0 |   700
           D:9 |       0 |    6235 |   0.0 |       0 |      21 |   0.0 |  1066
          D:10 |       0 |    6018 |   0.0 |       0 |      50 |   0.0 |  1273
        Lair:1 |       0 |    2756 |   0.0 |       0 |      14 |   0.0 |   702
        Lair:2 |       0 |    1062 |   0.0 |       0 |       6 |   0.0 |   581
        Lair:3 |       0 |    4759 |   0.0 |       0 |      18 |   0.0 |  1063
        Lair:4 |       0 |   10478 |   0.0 |       0 |      33 |   0.0 |  1189
        Lair:5 |       0 |    3087 |   0.0 |       0 |       8 |   0.0 |   849
       Swamp:1 |       0 |     223 |   0.0 |       0 |       1 |   0.0 |    52
       Snake:1 |       0 |    1990 |   0.0 |       0 |       7 |   0.0 |    32
         Orc:1 |       0 |   12180 |   0.0 |       0 |      49 |   0.0 |   763
         Orc:2 |       0 |    2562 |   0.0 |       0 |      24 |   0.0 |   185
               +---------+---------+-------+---------+---------+-------+---------
